 Dungeon Crawl Stone Soup version 0.19-a0-1896-g611e798 (webtiles) character file.

11428 Arkorax the Carver (level 12, -4/98 (99) HPs)
             Began as a Formicid Fighter on Oct 16, 2016.
             Was an Initiate of Gozag.
             Slain by a death knight
             ... wielding a +4 morningstar of protection
              (17 damage)
             ... on level 11 of the Dungeon on Oct 19, 2016.
             The game lasted 00:16:24 (11868 turns).

Arkorax the Carver (Formicid Fighter)              Turns: 11868, Time: 00:16:25

HP:   -4/98 (99)    AC:  9    Str: 26    XL:     12   Next: 7%
MP:   12/12         EV:  8    Int: 16    God:    Gozag
Gold: 455           SH: 12    Dex:  7    Spells: 0 memorised, 11 levels left

rFire  . . .     SeeInvis +     e - +0 great sword
rCold  . . .     Gourm    .     m - +0 chain mail "Etenet" {rPois Int+3 Dex-3} (curse)
rNeg   . . .     Faith    .     c - +0 shield
rPois  +         Spirit   .     (helmet unavailable)
rElec  .         Reflect  .     (no cloak)
rCorr  .         Harm     .     (no gloves)
MR     +....                    (no boots)
Stlth  ..........               (no amulet)
                                (no ring)
                                t - +5 ring of intelligence

@: gold aura, drained
A: permanent stasis, dig shafts and tunnels, four strong arms, antennae 3
a: Dig, Shaft Self, Potion Petition, Call Merchant, Bribe Branch, Renounce
Religion


You were on level 11 of the Dungeon.
You worshipped Gozag.
Gozag was aware of your devotion.
You were not hungry.

You visited 2 branches of the dungeon, and saw 12 of its levels.

You collected 2011 gold pieces.
You spent 386 gold pieces at shops.
You paid 1170 gold pieces to Gozag.

Inventory:

Hand Weapons
 e - a +0 great sword (weapon)
Missiles
 F - 2 curare-tipped needles
 Y - a throwing net (quivered)
Armour
 c - a +0 shield (worn)
 m - the cursed +0 chain mail "Etenet" (worn) {rPois Int+3 Dex-3}
   (You bought it in a shop on level 9 of the Dungeon)

   It affects your intelligence (+3).
   It affects your dexterity (-3).
   It protects you from poison.
   It has a curse placed upon it.
Jewellery
 t - a +5 ring of intelligence (left hand)
Wands
 a - a wand of iceblast (6/15)
 y - a wand of confusion (23/48)
 z - a wand of random effects (17/48)
 D - a wand of random effects (18/48)
Scrolls
 g - 4 scrolls of teleportation {unknown}
 j - 6 scrolls of remove curse {unknown}
 k - 7 scrolls of identify {unknown}
 l - 2 scrolls of recharging {unknown}
 n - 3 scrolls of blinking {unknown}
 p - 2 scrolls of random uselessness {unknown}
 q - 2 scrolls of immolation {unknown}
 v - 2 scrolls of fear {unknown}
 w - 2 scrolls of fog {unknown}
 E - 2 scrolls of enchant armour {unknown}
Potions
 b - a potion of cancellation {unknown}
 d - a potion of resistance {unknown}
 i - 2 potions of invisibility {unknown}
 o - 2 potions of curing
 r - a potion of brilliance {!q}
 x - a potion of lignification {unknown}
Books
 A - a book of Changes
Miscellaneous
 B - a lamp of fire (inert)
Comestibles
 f - 2 bread rations {!e}
 h - 3 slices of pizza
 s - 4 meat rations {!e}
 u - 3 beef jerkies
 C - a royal jelly


   Skills:
 + Level 10.6(10.5) Fighting
 * Level 12.4(12.3) Long Blades
   Level 2.6(2.5) Axes
 - Level 3.2 Armour
 + Level 11.5(11.4) Shields


You had 11 spell levels left.
You didn't know any spells.

Dungeon Overview and Level Annotations

Branches:
Dungeon (11/15)            Temple (1/1) D:5            Lair (0/6) D:9
    Orc (0/2) D:9

Altars:
Ashenzari
Cheibriados
Dithmenos
Elyvilon
Fedhas
Gozag
Hepliaklqana
Kikubaaqudgha
Makhleb
Nemelex Xobeh
Okawaru
Qazlal
Ru
Sif Muna
Trog
Uskayaw
Vehumet
Xom
Yredelemnul
Zin
The Shining One

Shops:
D:5 %   D:8 }(:**   D:9 [(   D:11 %


Innate Abilities, Weirdness & Mutations

You are under a permanent stasis effect.
You can dig through walls and to a lower floor.
Your four strong arms can wield two-handed weapons with a shield.
You have a pair of large antennae on your head. (SInv)


Message History

Ye feel stronger. x2
Ye now haf 442 gold pieces (gain'd 22).
n - 3 scrolls labeled PUEBYCKIRO (gain'd 1) Thin's tha be 'ere: a longbow; 20 arrows Ye now haf 455 gold pieces (gain'd 13).
Thin's tha be 'ere: a longbow; 20 arrows Tha death knight shouts!
Tha death knight calls down tha wrath o' Yredelemnul upon ye.
Ye resist wit' significant effort.
Thin's tha be 'ere: a spear; a robe Tha death knight offers itself ta Yredelemnul, an' fills wit' unholy energy.
Thin's tha be 'ere: a spear; a robe Thin's tha be 'ere: a longbow; 20 arrows Ye 'stend yer mandibles.
Ye dig through tha rock wall.
Ye dig through tha rock wall.
Ye retract yer mandibles.
Tha death knight invokes tha aid o' Yredelemnul against ye.
Yer body be wracked wit' pain!
* * * LOW HITPOINT WARNIN'
* * * Damage: 45 (max 45) Tha death knight's dark mirror aura disappears.
Tha death knight hits ye wit' a mornin'star o' protection!
* * * LOW HITPOINT WARNIN'
* * * Damage: 8 (max 45) Ye barely miss tha death knight.
Ye block tha death knight's attack.
Ye barely miss tha death knight.
Tha death knight hits ye wit' a mornin'star o' protection!
* * * LOW HITPOINT WARNIN'
* * * Damage: 9 (max 45) Ye slash tha death knight!
Tha death knight be lightly wounded.
Tha death knight hits ye wit' a mornin'star o' protection!
* * * LOW HITPOINT WARNIN'
* * * Damage: 15 (max 45) Tha death knight calls down tha wrath o' Yredelemnul upon ye.
Yer body be wracked wit' pain!
* * * LOW HITPOINT WARNIN'
* * * Damage: 7 (max 45) Tha death knight offers itself ta Yredelemnul, an' fills wit' unholy energy.
Tha death knight's dark mirror aura disappears.
Thar be a stone staircase leadin' up 'ere.
Tha death knight hits ye wit' a mornin'star o' protection!
Ye die...
Yer body crumbles inta a pile o' gold.

....#
#.##)##.##.#####.........#
.####
#....)((.'....)..........#
##
#.##)##.##..###..........#
#
####.#####..###..........#
$ ... #...##..........#
##.##$ #.#.##..........# {
#.# { #.......).......#
... ####.#.####..#### #.#
#@p....# ....# #{ #.#
####...# ....# # #...#
....# ### #...# ....#
#.##.##)# #.#.# ....#
........# #....$ #.##.##.#
####.. ### { ..# #


You could see a death knight.

Vanquished Creatures
  2 centaur warriors (D:11)
  Nergalle (D:10)
  A hill giant (D:10)
  Pikel (D:6)
  A manticore (D:11)
  Joseph (D:8)
  Psyche (D:9)
  A hornet (D:10)
  2 hippogriffs
  Sigmund (D:2)
  A wyvern (D:9)
  10 yaks
  A hungry ghost (D:10)
  2 wargs (D:9)
  A water moccasin (D:8)
  An orc warrior (D:9)
  2 ice beasts
  2 sky beasts
  5 ogres
  A necrophage (D:10)
  5 phantoms
  2 centaurs (D:7)
  3 crocodiles
  4 big kobolds
  Blork the orc (D:4)
  2 bullfrogs
  2 gnoll sergeants
  A scorpion (D:7)
  5 killer bees
  3 wights (D:11)
  5 howler monkeys
  2 bullfrog zombies (D:11)
  5 crimson imps
  3 centaur zombies
  4 hounds
  5 centaur skeletons
  5 orc priests
  A jelly (D:7)
  7 worker ants
  Natasha (thrice) (D:2)
  2 iguanas
  6 orc wizards
  A hound zombie (D:5)
  A hound skeleton (D:4)
  2 howler monkey zombies
  12 adders
  13 gnolls
  2 howler monkey skeletons
  2 shadow imps
  2 oozes
  An adder zombie (D:6)
  2 adder skeletons
  4 worms
  8 leopard geckos
  27 orcs
  5 giant cockroaches
  10 goblins
  8 hobgoblins
  18 jackals
  18 kobolds
  2 quokkas
  2 ball pythons (D:2)
  7 bats
  3 frilled lizards
  A leopard gecko skeleton (D:6)
  A quokka skeleton (D:4)
  8 rats
274 creatures vanquished.

Vanquished Creatures (others)
  A hound (D:6)
1 creature vanquished.

Grand Total: 275 creatures vanquished

Notes
Turn   | Place    | Note
-------+----------+-------------------------------------------
     0 | D:1      | Arkorax the Formicid Fighter began the quest for the Orb.
     0 | D:1      | Reached XP level 1. HP: 18/18 MP: 1/1
     0 | D:1      | Upgraded the game from 0.19-a0-1886-gd64a0f0 to 0.19-a0-1888-g6ba2374
     0 | D:1      | Upgraded the game from 0.19-a0-1888-g6ba2374 to 0.19-a0-1896-g611e798
    90 | D:1      | Reached XP level 2. HP: 16/24 MP: 2/2
   130 | D:1      | Reached skill level 4 in Shields
   540 | D:1      | Reached XP level 3. HP: 27/30 MP: 3/3
  1007 | D:2      | Noticed Natasha
  1023 | D:2      | HP: 8/30 [Natasha/magic dart (7)]
  1026 | D:2      | Killed Natasha
  1026 | D:2      | Reached skill level 4 in Fighting
  1026 | D:2      | Reached XP level 4. HP: 36/37 MP: 4/4
  1091 | D:2      | Noticed Natasha
  1099 | D:2      | Killed Natasha
  1099 | D:2      | Reached skill level 1 in Long Blades
  1291 | D:2      | Noticed Natasha
  1296 | D:2      | Killed Natasha
  1296 | D:2      | Reached skill level 5 in Shields
  1296 | D:2      | Reached XP level 5. HP: 31/42 MP: 5/5
  1553 | D:2      | Noticed Sigmund
  1564 | D:2      | Killed Sigmund
  1564 | D:2      | Reached skill level 3 in Long Blades
  1564 | D:2      | Reached XP level 6. HP: 34/50 MP: 6/6
  2470 | D:3      | Reached XP level 7. HP: 55/55 MP: 7/7
  2907 | D:4      | Reached skill level 5 in Fighting
  2907 | D:4      | Reached skill level 4 in Long Blades
  2907 | D:4      | Reached skill level 6 in Shields
  3276 | D:4      | Noticed Blork the orc
  3287 | D:4      | Killed Blork the orc
  3673 | D:4      | Reached skill level 5 in Long Blades
  3673 | D:4      | Reached XP level 8. HP: 63/63 MP: 8/8
  3969 | D:5      | Entered Level 5 of the Dungeon
  4067 | D:5      | Reached skill level 7 in Shields
  4234 | D:5      | Reached skill level 6 in Fighting
  4254 | D:5      | Reached skill level 6 in Long Blades
  4300 | D:5      | Found a glowing golden altar of the Shining One.
  4352 | D:5      | Found a staircase to the Ecumenical Temple.
  4402 | Temple   | Entered the Ecumenical Temple
  4543 | Temple   | Became a worshipper of Gozag Ym Sagoz the Greedy
  4593 | D:5      | Found Aggipsegg's Food Boutique.
  4596 | D:5      | Bought a meat ration for 65 gold pieces
  4596 | D:5      | Bought a meat ration for 65 gold pieces
  4747 | D:6      | Reached XP level 9. HP: 69/71 MP: 9/9
  4833 | D:6      | Noticed Pikel
  4847 | D:6      | Killed Pikel
  4847 | D:6      | Reached skill level 7 in Fighting
  4847 | D:6      | Reached skill level 7 in Long Blades
  4847 | D:6      | Reached skill level 8 in Shields
  5191 | D:7      | HP: 21/72 [poisoned by an adder]
  5196 | D:7      | HP: 17/72 [poisoned by an adder]
  5202 | D:7      | HP: 15/72 [poisoned by an adder]
  5209 | D:7      | HP: 13/72 [poisoned by an adder]
  5216 | D:7      | HP: 13/72 [poisoned by an adder]
  5224 | D:7      | HP: 12/72 [poisoned by an adder]
  5574 | D:7      | Reached skill level 8 in Long Blades
  5777 | D:7      | Found a burning altar of Makhleb.
  5933 | D:7      | Noticed a hippogriff
  5941 | D:7      | Killed a hippogriff
  5941 | D:7      | Reached XP level 10. HP: 66/80 MP: 10/10
  5964 | D:7      | Found a hazy altar of Hepliaklqana.
  5967 | D:7      | Found a white marble altar of Elyvilon.
  5972 | D:7      | Reached skill level 8 in Fighting
  5972 | D:7      | Reached skill level 9 in Shields
  6086 | D:7      | Reached skill level 9 in Long Blades
  6381 | D:8      | HP: 24/80 [poisoned by a water moccasin]
  6386 | D:8      | HP: 20/80 [poisoned by a water moccasin]
  6392 | D:8      | HP: 17/80 [poisoned by a water moccasin]
  6399 | D:8      | HP: 16/80 [poisoned by a water moccasin]
  6406 | D:8      | HP: 16/80 [poisoned by a water moccasin]
  6414 | D:8      | HP: 15/80 [poisoned by a water moccasin]
  6804 | D:8      | Found Caskot's Gadget Boutique.
  6824 | D:8      | Found Toaxuupn's Weapon Shoppe.
  7003 | D:8      | Noticed Joseph
  7022 | D:8      | Killed Joseph
  7101 | D:8      | Found Byuriez's General Store.
  7101 | D:8      | Found Hikhomet's Assorted Antiques.
  7130 | D:8      | Found Geeceu Ifeo's Book Shoppe.
  7507 | D:9      | Reached skill level 10 in Long Blades
  7659 | D:9      | Found a staircase to the Lair.
  7705 | D:9      | Found a glowing silver altar of Zin.
  7725 | D:9      | Reached skill level 9 in Fighting
  7752 | D:9      | Reached skill level 10 in Shields
  7858 | D:9      | Noticed Psyche
  7863 | D:9      | Killed Psyche
  8097 | D:9      | Found a staircase to the Orcish Mines.
  8528 | D:9      | Reached XP level 11. HP: 85/89 MP: 11/11
  8540 | D:10     | Entered Level 10 of the Dungeon
  8543 | D:10     | Noticed Nergalle
  8558 | D:10     | Killed Nergalle
  8746 | D:10     | Reached skill level 11 in Long Blades
  9003 | D:10     | HP: 26/89 [poisoned by a hornet]
  9008 | D:10     | HP: 18/90 [poisoned by a hornet]
  9013 | D:10     | HP: 15/90 [poisoned by a hornet]
  9018 | D:10     | HP: 13/90 [poisoned by a hornet]
  9023 | D:10     | HP: 12/90 [poisoned by a hornet]
  9028 | D:10     | HP: 11/90 [poisoned by a hornet]
  9036 | D:10     | HP: 11/90 [poisoned by a hornet]
  9718 | D:10     | Noticed a hill giant
  9725 | D:10     | Killed a hill giant
  9725 | D:10     | Reached skill level 11 in Shields
 10147 | D:11     | Reached skill level 10 in Fighting
 10495 | D:11     | Found Plog's Food Boutique.
 10792 | D:11     | Noticed a manticore
 10800 | D:11     | Killed a manticore
 10981 | D:9      | Bought a jacinth-encrusted chain mail for 256 gold pieces
 10991 | D:9      | Identified the cursed +0 chain mail "Etenet" {rPois Int+3 Dex-3} (You bought it in a shop on level 9 of the Dungeon)
 11162 | D:11     | Reached skill level 12 in Long Blades
 11163 | D:11     | Noticed a centaur warrior
 11168 | D:11     | Killed a centaur warrior
 11176 | D:11     | HP: 27/91 [wight/enchanted war axe (2)]
 11182 | D:11     | HP: 10/91 [wight/enchanted war axe (11)]
 11528 | D:11     | Noticed a death knight
 11530 | D:11     | Noticed an orc knight
 11756 | D:11     | Noticed a centaur warrior
 11833 | D:11     | Killed a centaur warrior
 11833 | D:11     | Reached XP level 12. HP: 89/98 MP: 12/12
 11854 | D:11     | HP: 17/98 [death knight/morningstar of protection (15)]
 11868 | D:11     | Slain by a death knight

Vault maps used:
D:1:      kennysheep_arrival_seaside, minmay_misc_feat_pillars
D:2:      wad_crossroads, first_bread, uniq_natasha, uniq_sigmund
D:4:      kennysheep_generic_room_3, uniq_blork_the_orc
D:5:      tso_oasis_becter, serial_shops, kennysheep_mini,
          kennysheep_generic_room_13
D:6:      minivault_26, uniq_pikel
D:7:      grunt_temple_overflow_open, uniq_crazy_yiuf_cottage
D:8:      serial_shops, shop, shop, shop, nicolae_shop_statue_plus, shop,
          uniq_joseph
D:9:      marbit_many_paths, lair_0_dummy, erik_orc_3, uniq_psyche
D:10:     uniq_nergalle
D:11:     hangedman_cross_veins, serial_shops,
          nicolae_shop_competitors_out_of_business
Temple:   nicolae_temple_elliptical

Skill      XL: |  1  2  3  4  5  6  7  8  9 10 11 |
---------------+----------------------------------+-----
Shields        | 4 5 6 7 8 10 11 | 11.5
Fighting       | 4 5 6 7 9 10 | 10.6
Long Blades    | 1 3 5 6 8 10 12 | 12.4
Axes           | |  2.6
Armour         | |  3.2

Action                   |  1- 3 |  4- 6 |  7- 9 | 10-12 || total
-------------------------+-------+-------+-------+-------++-------
Melee: War axe           |    84 |     1 |       |       ||    85
       Great sword       |       |   142 |   358 |   537 ||  1037
Invok: Call Merchant     |       |       |       |     2 ||     2
 Abil: Dig               |       |     1 |     3 |     7 ||    11
Evoke: Lamp of fire      |       |       |       |     1 ||     1
  Use: Potion            |     1 |     3 |       |       ||     4
 Stab: Confused          |       |       |     1 |       ||     1
       Distracted        |       |       |       |     3 ||     3
  Eat: Chunk             |       |     6 |     6 |       ||    12
       Meat ration       |       |       |     1 |     2 ||     3
       Fruit             |       |       |       |     9 ||     9
       Bread ration      |       |       |       |     2 ||     2
Armor: Scale mail        |    22 |    70 |   123 |    21 ||   236
       Plate armour      |       |       |       |   137 ||   137
       Chain mail        |       |       |       |    16 ||    16
Dodge: Dodged            |    35 |    56 |   109 |   112 ||   312
Block: Shield            |    48 |    98 |   217 |   360 ||   723
       Rpst.: Great sword |       |    16 |    38 |    37 ||    91

Table legend:
 A = Turns spent in this place as a percentage of turns spent in the entire game.
 B = Non-inter-level travel turns spent in this place as a percentage of non-inter-level travel turns spent in the entire game.
 C = Inter-level travel turns spent in this place as a percentage of turns spent in this place.
 D = Turns resting spent in this place as a percentage of non-inter-level travel turns spent in this place.
 E = Turns spent auto-exploring this place as a percentage of non-inter-level travel turns spent in this place.
 F = Non-inter-level travel turns spent in this place divided by the number of levels of this place that you've seen.
                   A       B       C       D       E      F
               +-------+-------+-------+-------+-------+----------------------
         Total | 100.0 | 100.0 |   0.5 |   2.0 |  12.1 | 314.2
       Dungeon |  99.5 |  99.5 |   0.5 |   2.0 |  11.8 | 341.2
        Temple |   0.5 |   0.5 |  10.0 |   0.0 |  77.8 |  18.0
               +-------+-------+-------+-------+-------+----------------------

Vault maps used:
D:1:      kennysheep_arrival_seaside, minmay_misc_feat_pillars
D:2:      wad_crossroads, first_bread, uniq_natasha, uniq_sigmund
D:4:      kennysheep_generic_room_3, uniq_blork_the_orc
D:5:      tso_oasis_becter, serial_shops, kennysheep_mini,
          kennysheep_generic_room_13
D:6:      minivault_26, uniq_pikel
D:7:      grunt_temple_overflow_open, uniq_crazy_yiuf_cottage
D:8:      serial_shops, shop, shop, shop, nicolae_shop_statue_plus, shop,
          uniq_joseph
D:9:      marbit_many_paths, lair_0_dummy, erik_orc_3, uniq_psyche
D:10:     uniq_nergalle
D:11:     hangedman_cross_veins, serial_shops,
          nicolae_shop_competitors_out_of_business
Temple:   nicolae_temple_elliptical
